 Dungeon Crawl Stone Soup version 0.20.0-1-g1cb1d84 (webtiles) character file.

203 skittles the Firebug (level 5, -1/40 HPs)
             Began as a Draconian Fire Elementalist on May 26, 2017.
             Killed by nerve-wracking pain
             ... invoked by Grinder
              (10 damage)
             ... on level 3 of the Dungeon.
             The game lasted 00:06:37 (3266 turns).

skittles the Firebug (Draconian Fire Elementalist)  Turns: 3266, Time: 00:06:39

Health: -1/40      AC:  5    Str: 10    XL:     5   Next: 51%
Magic:  4/8        EV: 12    Int: 17    God:
Gold:   133        SH:  0    Dex: 11    Spells: 7/8 levels left

rFire    + . .     SeeInvis .   t - +0 short sword (venom)
rCold    . . .     Gourm    +   (no shield)
rNeg     . . .     Faith    .   (armour unavailable)
rPois    .         Spirit   .   (helmet restricted)
rElec    .         Reflect  .   (no cloak)
rCorr    .         Harm     .   (no gloves)
MR       .....                  (no boots)
Stlth    ++........             p - amulet of the gourmand
Regen    0.2/turn               f - ring of protection from fire
MPRegen  0.2/turn               (no ring)

@: slowed, very slow
A: unfitting armour, cold-blooded, AC +5
a: no special abilities


You were on level 3 of the Dungeon.
You were not hungry.

You visited 1 branch of the dungeon, and saw 3 of its levels.

You collected 133 gold pieces.

Inventory:

Hand Weapons
 t - a +0 short sword of venom (weapon)
 u - a +0 dagger of venom
Jewellery
 f - a ring of protection from fire (left hand)
 p - an amulet of the gourmand (around neck)
Scrolls
 d - 2 scrolls of remove curse {unknown}
 g - a scroll of teleportation {unknown}
 h - a scroll of magic mapping {unknown}
 i - 3 scrolls of identify {unknown}
 q - a scroll of enchant weapon {unknown}
 s - a scroll of fear {unknown}
Potions
 e - a potion of berserk rage
 k - 2 potions of might
 o - a potion of heal wounds {unknown}
Books
 a - a book of Flames

   Spells                             Type                      Level
   a - Flame Tongue                   Conjuration/Fire             1
   b - Throw Flame                    Conjuration/Fire             2
   c - Conjure Flame                  Conjuration/Fire             3
   d - Inner Flame                    Hexes/Fire                   3
   e - Sticky Flame                   Conjuration/Fire             4
   f - Fireball                       Conjuration/Fire             5
Comestibles
 b - 2 bread rations
 j - 2 meat rations
 n - 3 fruits
 r - 2 royal jellies


   Skills:
 + Level 1.4 Fighting
 + Level 0.4 Short Blades
   Level 1.8 Maces & Flails
 - Level 1.7 Dodging
 - Level 1.7 Stealth
 + Level 0.2 Unarmed Combat
 - Level 2.0 Spellcasting
 + Level 2.4 Conjurations
 + Level 5.0 Fire Magic


You had 7 spell levels left.
You knew the following spells:

 Your Spells              Type           Power        Failure   Level  Hunger
a - Flame Tongue          Conj/Fire      ##...        4%          1    #......


Dungeon Overview and Level Annotations

Branches:
Dungeon (3/15)

Altars:

Annotations:
D:3 1 runed door, Grinder


Innate Abilities, Weirdness & Mutations

Your plain brown scales are hard. (AC +5)
You cannot fit into any form of body armour.
You are cold-blooded and may be slowed by cold attacks.


Message History

Aiming: Flame Tongue
Press: ? - help, Shift-Dir - straight line, f/p - Grinder
Aim: Grinder (moderately wounded)
The flame tongue misses Natasha.
The flame tongue hits Grinder.
Grinder is moderately wounded.
Natasha zaps a wand.
The puff of flame misses you. Natasha casts a spell at you.
The magic dart hits you!
Casting: Flame Tongue
Confirm with . or Enter, or press ? or * to list all spells.
Aiming: Flame Tongue
Press: ? - help, Shift-Dir - straight line, f/p - Grinder
Aim: Grinder (moderately wounded)
The flame tongue hits Natasha.
You kill Natasha!
Suddenly Natasha's spirit rises from her lifeless body.
Your Fire Magic skill increases to level 5!
Grinder gestures at you. Pain shoots through your body!
You die...

.#....##.....................#.#
...........$...... .........##)#
................. .#.....###†#
................. .### #.#
....(..##.......# ..#
.......####..... .##
#............## .# #.
..............#####...## #.
.......##.....5.@......# ..
.......###)...######...#
#...>.## #....# #
##....##..........
...##.##.#....##..
#####....#...... # .. ......##
......##### .#. ...


You could see Grinder.

Vanquished Creatures
  Jessica (D:2)
  Terence (D:3)
  Natasha (D:3)
  Robin (D:2)
  4 adders
  An ooze (D:2)
  A worm (D:3)
  A dart slug (D:3)
  5 bats
  5 giant cockroaches (D:2)
  15 goblins
  7 hobgoblins
  5 jackals
  3 quokkas
  3 ball pythons
  6 frilled lizards
  6 kobolds
  6 rats
72 creatures vanquished.

Notes
Turn   | Place    | Note
-------+----------+-------------------------------------------
     0 | D:1      | skittles the Draconian Fire Elementalist began the quest for the Orb.
     0 | D:1      | Reached XP level 1. HP: 14/14 MP: 3/3
   897 | D:2      | Reached XP level 2. HP: 13/20 MP: 3/5
  1511 | D:2      | Reached skill level 4 in Fire Magic
  1511 | D:2      | Reached XP level 3. HP: 16/26 MP: 1/6
  1867 | D:2      | Noticed Jessica
  1875 | D:2      | Killed Jessica
  1875 | D:2      | Reached skill level 1 in Maces & Flails
  1875 | D:2      | Reached XP level 4. HP: 34/34 MP: 4/7
  2054 | D:2      | HP: 1/34 [poisoned by an adder]
  2401 | D:2      | Noticed Robin
  2422 | D:2      | Killed Robin
  2609 | D:2      | Reached skill level 1 in Fighting
  2743 | D:3      | Reached XP level 5. HP: 40/40 MP: 4/8
  2809 | D:3      | Noticed Terence
  2823 | D:3      | Killed Terence
  2989 | D:3      | Found a runed door.
  3250 | D:3      | Noticed Grinder
  3251 | D:3      | Noticed Natasha
  3266 | D:3      | Killed Natasha
  3266 | D:3      | Reached skill level 5 in Fire Magic
  3266 | D:3      | Killed from afar by Grinder

Skill      XL: |  1  2  3  4  5 |
---------------+----------------+-----
Fire Magic     | 4 5 |  5.0
Maces & Flails | 1 |  1.8
Conjurations   | 2 |  2.4
Fighting       | 1 |  1.4
Short Blades   | |  0.4
Dodging        | |  1.7
Stealth        | |  1.7
Unarmed Combat | |  0.2
Spellcasting   | |  2.0

Action                   |  1- 3 |  4- 6 || total
-------------------------+-------+-------++-------
Melee: Club              |   114 |    81 ||   195
       Unarmed           |     6 |       ||     6
       Tailslap          |    11 |    16 ||    27
       Short sword       |       |    24 ||    24
       Dagger            |       |     4 ||     4
 Cast: Flame Tongue      |    22 |    45 ||    67
  Use: Potion            |       |     5 ||     5
 Stab: Sleeping          |     3 |     4 ||     7
  Eat: Chunk             |     4 |     5 ||     9
Armor: Skin              |    53 |    52 ||   105
Dodge: Dodged            |   111 |   125 ||   236
